 Dungeon Crawl Stone Soup version 0.23-a0-470-g6f7cfd9 (webtiles) character file.

340802 Amnesiac the Tortoise (level 22, -2/156 HPs)
             Began as a Halfling Hunter on Nov 26, 2018.
             Was the Champion of Dithmenos.
             Slain by a yaktaur captain (12 damage)
             ... on level 3 of the Depths on Nov 27, 2018.
             The game lasted 02:07:16 (50750 turns).

Amnesiac the Tortoise (Halfling Hunter)            Turns: 50750, Time: 02:07:17

Health: -2/156     AC: 34    Str: 24    XL:     22   Next: 54%
Magic:  28/28      EV: 23    Int: 12    God:    Dithmenos [******]
Gold:   2492       SH: 18    Dex: 18    Spells: 17/29 levels left

rFire    + . .     SeeInvis .   a - +5 fustibalus (flame)
rCold    + . .     Gourm    .   D - +2 shield
rNeg     . . .     Faith    .   d - +1 chain mail of Vanity {rElec}
rPois    +         Spirit   .   L - +2 helmet {Int+3}
rElec    +         Reflect  .   J - +2 cloak {rF+}
rCorr    .         Harm     .   F - +2 pair of gloves
MR       +++..                  E - +2 pair of boots {run}
Stlth    +++.......             Q - amulet of the acrobat
HPRegen  0.36/turn              z - +4 ring of protection
MPRegen  0.21/turn              m - ring "Cefrofin" {rPois rC+ MR++ Str+4}

@: wreathed by umbra, studying Throwing, quick
A: small, mutation resistance 1
}: 3/15 runes: decaying, serpentine, slimy
a: Shadow Step, Shadow Form, Renounce Religion


You were on level 3 of the Depths.
You worshipped Dithmenos.
Dithmenos was exalted by your worship.
You were not hungry.

You visited 9 branches of the dungeon, and saw 41 of its levels.
You also visited: Labyrinth, Ice Cave and Volcano.

You collected 4116 gold pieces.
You spent 1624 gold pieces at shops.

Inventory:

Hand Weapons
 a - a +5 fustibalus of flaming (weapon)
 b - a +1 dagger of electrocution
 W - the +11 falchion "Bunurodu" {slice, rElec MR+ Int+5}
   (You took it off a centaur warrior on level 1 of the Depths)

   It inflicts extra damage upon your enemies.
   It affects your intelligence (+5).
   It insulates you from electricity.
   It affects your resistance to hostile enchantments.
Missiles
 e - 23 stones (quivered)
 B - 167 sling bullets
 K - a throwing net
Armour
 d - the +1 chain mail of Vanity (worn) {rElec}
   (You found it on level 12 of the Dungeon)

   It insulates you from electricity.
 D - a +2 shield (worn)
 E - a +2 pair of boots of running (worn)
 F - a +2 pair of gloves (worn)
 J - a +2 cloak of fire resistance (worn)
 L - a +2 helmet of intelligence (worn)
Jewellery
 c - an uncursed ring of flight
 m - the ring "Cefrofin" (right hand) {rPois rC+ MR++ Str+4}
   (You found it on level 4 of the Swamp)

   [ring of protection from cold]

   It affects your strength (+4).
   It protects you from cold.
   It protects you from poison.
   It affects your resistance to hostile enchantments.
 z - a +4 ring of protection (left hand)
 N - an uncursed ring of wizardry
 Q - an amulet of the acrobat (around neck)
Wands
 g - a wand of scattershot (6)
 h - a wand of paralysis (20)
 u - a wand of digging (21)
 w - a wand of disintegration (13)
 y - a wand of enslavement (21)
 G - a wand of random effects (55)
 I - a wand of iceblast (38)
 T - a wand of acid (9)
 V - a wand of clouds (6)
Scrolls
 j - 15 scrolls of teleportation {!r}
 n - 19 scrolls of remove curse {!r}
 p - 6 scrolls of blinking {!r}
 q - 4 scrolls of fog {!r}
 r - 12 scrolls of magic mapping {!r}
 x - 6 scrolls of fear {!r}
 R - a scroll of acquirement {!r}
 U - 5 scrolls of identify {!r}
Potions
 i - 3 potions of invisibility {!q}
 k - 3 potions of magic {!q}
 l - 8 potions of haste {!q}
 t - 4 potions of cancellation {!q}
 v - 4 potions of might {!q}
 A - 7 potions of agility {!q}
 C - 5 potions of brilliance {!q}
 M - 9 potions of curing {!q}
 P - a potion of heal wounds {!q}
 Y - a potion of flight {!q}
 Z - a potion of resistance {!q}
Books
 O - a manual of Throwing
Miscellaneous
 o - a fan of gales
 s - a lightning rod (4/4)
 S - a phial of floods
 X - a lamp of fire
Comestibles
 f - 51 rations
 H - 10 chunks of flesh


   Skills:
 - Level 14.9 Fighting
 - Level 10.0 Short Blades
 - Level 14.0 Slings
 - Level 17.2 Armour
 - Level 17.2 Dodging
 - Level 10.0 Stealth
 - Level 17.2 Shields
 + Level 4.0 Spellcasting
 + Level 4.4 Hexes
 - Level 6.0 Charms
 + Level 4.3 Necromancy
 - Level 6.0 Translocations
 - Level 9.0 Invocations
 - Level 4.0 Evocations


You had 17 spell levels left.
You knew the following spells:

 Your Spells              Type           Power        Failure   Level  Hunger
a - Apportation           Tloc           ###...       10%         1    #......
b - Spectral Weapon       Hex/Chrm       ##......     38%         3    ###....
c - Song of Slaying       Chrm           ###.....     16%         2    ##.....
r - Regeneration          Chrm/Necr      ##........   38%         3    ###....
v - Blink                 Tloc           N/A          16%         2    ##.....
z - Confusing Touch       Hex            ##....       19%         1    #......

Your spell library contained the following spells:

 Spells                   Type           Power        Failure   Level  Hunger
 Infusion                 Chrm           ###.         10%         1    #......
 Shroud of Golubria       Chrm/Tloc      ###.......   16%         2    ##.....
 Animate Skeleton         Necr           N/A          21%         1    #......
 Pain                     Necr           ##..         21%         1    #......
 Gell's Gravitas          Tloc           ###.......   30%         3    ###....
 Lesser Beckoning         Tloc           ###.......   30%         3    ###....
 Teleport Other           Tloc           ###.....     30%         3    ###....
 Swiftness                Chrm/Air       #.......     45%         2    ##.....
 Vampiric Draining        Necr           ##........   52%         3    ###....
 Passage of Golubria      Tloc           N/A          69%         4    #####..
 Magic Dart               Conj           #...         75%         1    #......
 Shock                    Conj/Air       #...         75%         1    #......
 Summon Small Mammal      Summ           #...         75%         1    #......
 Dazzling Spray           Conj/Hex       #.....       82%         3    ###....
 Summon Guardian Golem    Hex/Summ       #.......     82%         3    ###....
 Call Imp                 Summ           #.......     87%         2    ##.....
 Passwall                 Tmut/Erth      #.......     87%         2    ##.....
 Poisonous Vapours        Pois/Air       #.....       87%         2    ##.....
 Searing Ray              Conj           #.....       87%         2    ##.....
 Throw Flame              Conj/Fire      #.....       87%         2    ##.....
 Cause Fear               Hex            ##........   88%         4    #####..
 Animate Dead             Necr           N/A          89%         4    #####..
 Call Canine Familiar     Summ           #.......     98%         3    ###....
 Ignite Poison            Fire/Tmut/Pois #.......     98%         3    ###....
 Spider Form              Tmut/Pois      #.........   98%         3    ###....
 Static Discharge         Conj/Air       #.......     98%         3    ###....
 Force Lance              Conj/Tloc      #.......     98%         4    #####..
 Fulminant Prism          Conj/Hex       #.........   99%         4    #####..
 Airstrike                Air            #.........   100%        4    #####..
 Ice Form                 Ice/Tmut       #.......     100%        4    #####..
 Iskenderun's Mystic Bla  Conj           #.......     100%        4    #####..
 Summon Ice Beast         Ice/Summ       #.......     100%        4    #####..
 Summon Lightning Spire   Summ/Air       #.......     100%        4    #####..
 Throw Icicle             Conj/Ice       #.......     100%        4    #####..
 Bolt of Magma            Conj/Fire/Erth #.........   100%        5    ######.
 Fireball                 Conj/Fire      #.........   100%        5    ######.
 Iskenderun's Battlesphe  Conj/Chrm      #.......     100%        5    ######.
 Lightning Bolt           Conj/Air       #.........   100%        5    ######.
 Silence                  Hex/Air        #.........   100%        5    ######.
 Venom Bolt               Conj/Pois      #.........   100%        5    ######.
 Yara's Violent Unravell  Hex/Tmut       #.........   100%        5    ######.
 Bolt of Fire             Conj/Fire      #.........   100%        6    #######
 Conjure Ball Lightning   Conj/Air       #.........   100%        6    #######
 Deflect Missiles         Chrm/Air       #.........   100%        6    #######
 Iron Shot                Conj/Erth      #.........   100%        6    #######
 Simulacrum               Ice/Necr       #.........   100%        6    #######
 Statue Form              Tmut/Erth      #........    100%        6    #######
 Malign Gateway           Summ/Tloc      #.........   100%        7    #######
 Monstrous Menagerie      Summ           #.........   100%        7    #######
 Orb of Destruction       Conj           #.........   100%        7    #######
 Ring of Flames           Chrm/Fire      #.........   100%        7    #######
 Spellforged Servitor     Conj/Summ      #.........   100%        7    #######
 Summon Greater Demon     Summ           #.........   100%        7    #######
 Discord                  Hex            ##........   100%        8    #######
 Ignition                 Fire           #.........   100%        8    #######
 Summon Horrible Things   Summ           #.........   100%        8    #######


Dungeon Overview and Level Annotations

Branches:
Dungeon (15/15)            Temple (1/1) D:4            Lair (6/6) D:10
  Swamp (4/4) Lair:2        Snake (4/4) Lair:3        Slime (5/5) Lair:5
    Orc (2/2) D:10            Elf (1/3) Orc:2        Vaults (0/5) D:13
 Depths (3/5) D:15

Altars:
Cheibriados
Dithmenos
Elyvilon
Fedhas
Gozag
Kikubaaqudgha
Nemelex Xobeh
Okawaru
Ru
Sif Muna
Trog
Vehumet
Wu Jian
Yredelemnul
Zin
Jiyva

Shops:
D:14 *   Orc:2 (}![   Elf:1 [

Portals:
Hell: Depths:1


Innate Abilities, Weirdness & Mutations

You are small and have problems with some larger weapons.
You are somewhat resistant to further mutation.


Message History

The stone disappears in a puff of smoke!
You see here a large rock.
You now have 2492 gold pieces (gained 25).
Some of the chunks of flesh in your inventory have rotted away.
Okay, then.
Really read
x - 7 scrolls of fear {!r}?
As you read the scroll of fear {!r}, it crumbles to dust.
You assume a fearsome visage.
The yaktaur captain looks frightened!
You start resting.
The yaktaur captain is too close now for your liking.
Really read
q - 5 scrolls of fog {!r}?
As you read the scroll of fog {!r}, it crumbles to dust.
The scroll dissolves into smoke.
The yaktaur captain shoots a bolt.
The bolt hits you but does no damage.
You start resting.
The yaktaur captain is too close now for your liking.
The yaktaur captain unwields a +0 arbalest.
You block the yaktaur captain's attack.
Firing (i - inventory. (/) - cycle)
e - 29 stones (quivered)
Press: ? - help, Shift-Dir - straight line, f/p - yaktaur captain
Aim: a yaktaur captain (purple smoke, umbra)
You shoot a stone. The stone hits the yaktaur captain.
The stone burns the yaktaur captain.
The yaktaur captain is lightly wounded.
Firing (i - inventory. (/) - cycle)
e - 28 stones (quivered)
Press: ? - help, Shift-Dir - straight line, f/p - yaktaur captain
Aim: a yaktaur captain (purple smoke, lightly wounded, umbra)
You shoot a stone. The stone hits the yaktaur captain!!
The stone burns the yaktaur captain!
The yaktaur captain is heavily wounded.
Your shadow shoots a stone.
The stone hits the yaktaur captain but does no damage.
The stone disappears in a puff of smoke!
The yaktaur captain hits you!!
* * * LOW HITPOINT WARNING * * *
Firing (i - inventory. (/) - cycle)
e - 27 stones (quivered)
Press: ? - help, Shift-Dir - straight line, f/p - yaktaur captain
Aim: a yaktaur captain (purple smoke, heavily wounded, umbra)
You shoot a stone. The stone hits the yaktaur captain!
The stone burns the yaktaur captain.
The yaktaur captain is severely wounded.
Your shadow shoots a stone.
The stone hits the yaktaur captain but does no damage.
The stone disappears in a puff of smoke!
You block the yaktaur captain's attack.
Firing (i - inventory. (/) - cycle)
e - 26 stones (quivered)
Press: ? - help, Shift-Dir - straight line, f/p - yaktaur captain
Aim: a yaktaur captain (purple smoke, severely wounded, umbra)
You shoot a stone. The stone hits the yaktaur captain!
The stone burns the yaktaur captain.
The yaktaur captain is almost dead.
You block the yaktaur captain's attack.
Firing (i - inventory. (/) - cycle)
e - 25 stones (quivered)
Press: ? - help, Shift-Dir - straight line, f/p - yaktaur captain
Aim: a yaktaur captain (purple smoke, almost dead, umbra)
You shoot a stone.
The stone completely misses the yaktaur captain.
Firing (i - inventory. (/) - cycle)
e - 24 stones (quivered)
Press: ? - help, Shift-Dir - straight line, f/p - yaktaur captain
Aim: a yaktaur captain (purple smoke, almost dead, umbra)
You shoot a stone.
The stone completely misses the yaktaur captain.
The yaktaur captain hits you!
You die...

#.....#####
#.....#
#.....#
#(....#
#.....#
#.....#
#.....#
#§..c.#
#.§@§.#
#§§§.§#
#######


You could see a yaktaur captain.

Vanquished Creatures
  the Royal Jelly (Slime:5)
  the Lernaean hydra (Swamp:4)
  18 acid blobs
  Agnes (Elf:1)
  3 sphinxes
  3 thorn hunters
  Roxanne (Snake:1)
  8 nagarajas
  A frost giant (Depths:2)
  A fire giant (D:15)
  13 azure jellies
  Louise (Snake:1)
  6 stone giants
  8 very ugly things
  A minotaur (Lab)
  Sonja (D:13)
  4 great orbs of eyes
  7 ettins
  Josephine (D:13)
  2 death oozes (Slime:5)
  9 ogre magi
  7 fire dragons
  A deep elf high priest (Elf:1)
  3 jiangshi (Depths:2)
  A yaktaur captain (Depths:1)
  2 ice dragons
  10 naga warriors
  28 hydras
  A catoblepas (Lair:6)
  A hell beast (Depths:1)
  8 anacondas
  12 centaur warriors
  5 death yaks (Lair:6)
  23 two-headed ogres
  14 alligators
  3 deep troll shamans
  A hell hog (Volcano)
  6 dancing weapons
  5 deep troll earth magi
  17 naga sharpshooters
  2 shock serpents
  A vampire mage (Depths:2)
  An orc high priest (D:10)
  7 hell knights
  A fire crab (shapeshifter) (Elf:1)
  6 deep elf knights (Elf:1)
  2 salamander mystics
  5 skeletal warriors
  10 deep trolls
  A spriggan druid (Swamp:3)
  A fire crab (Volcano)
  3 unseen horrors
  15 swamp dragons
  4 glowing orange brains
  6 deep elf archers
  6 naga ritualists
  4 lindwurms (Lair:2)
  A phantasmal warrior (D:14)
  2 necromancers (D:15)
  A faun (shapeshifter) (D:14)
  3 harpies (Depths:1)
  25 deep elf magi
  13 mana vipers
  A wolf spider zombie (D:15)
  2 orc sorcerers
  26 ugly things
  4 shining eyes
  3 manticores (Depths:1)
  13 cyclopes
  A guardian serpent (Snake:1)
  6 salamanders
  25 black mambas
  21 naga magi
  Psyche (D:8)
  3 ice statues (IceCv)
  3 rime drakes
  A torpor snail (Lair:6)
  6 eyes of devastation
  14 spiny frogs
  A gargoyle (D:12)
  5 yaktaurs
  A kobold demonologist (D:14)
  4 komodo dragons
  A tengu conjurer (D:10)
  17 trolls
  5 tyrant leeches
  10 polar bears (Lair:6)
  10 bog bodies
  145 slime creatures
  11 blink frogs
  A raiju (Lair:6)
  3 hornets
  A meliai zombie (D:11)
  8 hippogriffs
  A snapping turtle (shapeshifter) (Orc:2)
  A redback (shapeshifter) (D:14)
  4 shadows
  2 air elementals (Elf:1)
  A spriggan (Swamp:3)
  8 wraiths
  4 water elementals
  2 vampires
  9 basilisks
  A yak (shapeshifter) (Depths:2)
  7 fire bats (Volcano)
  21 yaks
  10 golden eyes
  2 wyverns
  3 hungry ghosts
  A steam dragon (Lair:6)
  24 vampire mosquitoes
  4 fire elementals (Elf:1)
  5 wargs
  6 insubstantial wisps
  A soldier ant (D:13)
  5 swamp worms
  44 nagas
  A naga (shapeshifter) (D:15)
  15 water moccasins
  4 acid dragons
  The ghost of SaintRoka the Thaumaturge, an amateur DEWz (D:4)
  16 hell hounds
  5 porcupines
  10 ice beasts
  3 floating eyes
  8 swamp drakes
  10 black bears
  4 phantoms
  18 orc warriors
  6 sky beasts
  2 eyes of draining
  A boggart (Depths:1)
  20 wolves
  43 centaurs
  2 necrophages
  34 ogres
  13 crocodiles
  2 big kobolds
  24 bullfrogs
  An earth elemental (Orc:1)
  5 scorpions
  16 killer bees
  3 electric eels (Lair:2)
  5 howler monkeys
  A centaur zombie (D:4)
  10 crimson imps
  10 jellies
  3 quasits
  A bullfrog zombie (D:12)
  11 orc wizards
  10 orc priests
  4 centaur skeletons
  7 hounds
  3 bullfrog skeletons
  3 iguanas
  7 worker ants
  A killer bee zombie (D:7)
  2 hound zombies
  A worker ant zombie (D:11)
  15 adders
  5 shadow imps
  2 adder zombies
  An adder skeleton (D:5)
  2 worms
  2 dart slugs
  5 leopard geckos
  60 orcs
  3 ball pythons
  6 bats
  5 giant cockroaches
  14 goblins
  3 hobgoblins
  15 kobolds
  8 quokkas
  3 frilled lizards
  A giant cockroach zombie (D:5)
  A jackal zombie (D:4)
  A leopard gecko skeleton (D:4)
  3 rats
  A fungus (Lair:2)
1380 creatures vanquished.

Vanquished Creatures (collateral kills)
  Rupert (Lair:3)
  An acid blob (Slime:5)
  An azure jelly (Slime:5)
  A catoblepas (Lair:6)
  Nergalle (D:12)
  A raiju (Lair:6)
  A vampire (D:12)
  3 hell hounds (Lair:6)
  A black bear (Lair:6)
11 creatures vanquished.

Vanquished Creatures (others)
  A fire giant (Depths:1)
  A centaur warrior (D:13)
  An alligator (Swamp:4)
  A deep elf knight (Elf:1)
  A deep troll (Orc:1)
  A raiju (Lair:6)
  2 hornets (Swamp:4)
  2 spriggans (Swamp:4)
  2 water moccasins (Lair:6)
  A black bear (Lair:6)
  3 centaurs
  An orc (D:8)
  3 fungi
  19 plants
39 creatures vanquished.

Grand Total: 1430 creatures vanquished

Notes
Turn   | Place    | Note
-------+----------+-------------------------------------------
     0 | D:1      | Amnesiac the Halfling Hunter began the quest for the Orb.
     0 | D:1      | Reached XP level 1. HP: 14/14 MP: 1/1
    64 | D:1      | Reached XP level 2. HP: 19/19 MP: 2/2
   808 | D:2      | Reached XP level 3. HP: 24/24 MP: 3/3
   905 | D:2      | Noticed a sky beast
  1257 | D:3      | Found a radiant altar of Vehumet.
  1294 | D:3      | Found a shadowy altar of Dithmenos.
  1394 | D:3      | Became a worshipper of Dithmenos the Shadowed
  1565 | D:3      | Noticed a black bear
  1624 | D:3      | Killed a black bear
  1624 | D:3      | Reached XP level 4. HP: 26/29 MP: 4/4
  1624 | D:3      | Reached XP level 5. HP: 31/34 MP: 5/5
  2506 | D:2      | Reached XP level 6. HP: 36/39 MP: 6/6
  2756 | D:2      | Reached * piety under Dithmenos
  2878 | D:2      | Killed a sky beast
  2878 | D:2      | Reached skill level 10 in Slings
  3333 | D:4      | Found a transporter.
  3338 | D:4      | Noticed a hungry ghost
  3346 | D:4      | Found a staircase to the Ecumenical Temple.
  3360 | Temple   | Entered the Ecumenical Temple
  3433 | D:4      | Found a transporter.
  3433 | D:4      | Noticed SaintRoka's ghost (amateur DEWz)
  3573 | D:4      | Noticed a phantom
  3614 | D:4      | Killed a phantom
  3614 | D:4      | Reached XP level 7. HP: 34/45 MP: 7/7
  3994 | D:4      | Killed SaintRoka's ghost
  4084 | D:4      | Reached XP level 8. HP: 52/52 MP: 8/8
  4173 | D:5      | Entered Level 5 of the Dungeon
  4347 | D:5      | Reached ** piety under Dithmenos
  4495 | D:5      | You fall through a shaft for 2 floors!
  4698 | D:6      | Reached XP level 9. HP: 55/56 MP: 9/9
  5217 | D:5      | Found a bloodstained altar of Trog.
  5908 | D:7      | Reached skill level 5 in Armour
  5908 | D:7      | Reached skill level 5 in Dodging
  5908 | D:7      | Reached skill level 5 in Shields
  5930 | D:7      | Found a basalt altar of Yredelemnul.
  7044 | D:8      | Noticed a hippogriff
  7049 | D:8      | Noticed Psyche
  7059 | D:8      | Killed a hippogriff
  7096 | D:8      | Killed Psyche
  7096 | D:8      | Reached XP level 10. HP: 34/63 MP: 10/10
  7319 | D:8      | Reached *** piety under Dithmenos
  7404 | D:8      | Found a blossoming altar of Fedhas.
  7519 | D:8      | Noticed a cyclops
  7535 | D:8      | Killed a cyclops
  8051 | D:9      | Noticed a cyclops
  8074 | D:9      | Killed a cyclops
  8839 | D:10     | Entered Level 10 of the Dungeon
  8918 | D:10     | Found a staircase to the Orcish Mines.
  9305 | D:10     | Reached XP level 11. HP: 66/70 MP: 11/11
  9339 | D:10     | Reached skill level 5 in Fighting
  9434 | D:10     | Reached **** piety under Dithmenos
  9490 | D:10     | Found a staircase to the Lair.
 10441 | D:11     | Noticed a cyclops
 10453 | D:11     | Killed a cyclops
 10675 | D:11     | Noticed a brown ugly thing
 10714 | D:11     | Killed a brown ugly thing
 11170 | D:12     | Reached XP level 12. HP: 46/80 MP: 12/12
 11535 | D:12     | Noticed a skeletal warrior
 11630 | D:11     | Killed a skeletal warrior
 11630 | D:11     | Reached skill level 10 in Armour
 11630 | D:11     | Reached skill level 10 in Dodging
 11746 | D:12     | Reached ***** piety under Dithmenos
 11927 | D:12     | Noticed a skeletal warrior
 11927 | D:12     | Noticed a skeletal warrior
 11927 | D:12     | Noticed a skeletal warrior
 12052 | Orc:1    | Entered Level 1 of the Orcish Mines
 12052 | Orc:1    | Noticed an orc high priest
 12065 | Orc:1    | Noticed a sun demon
 12134 | Orc:1    | Noticed a soul eater
 12135 | Orc:1    | Noticed a sixfirhy
 12235 | D:10     | Killed an orc high priest
 12273 | Orc:1    | Noticed a two-headed ogre
 12287 | Orc:1    | Killed a two-headed ogre
 12672 | Orc:2    | Entered Level 2 of the Orcish Mines
 12680 | Orc:2    | Noticed a two-headed ogre
 12731 | Orc:2    | Noticed a two-headed ogre
 13064 | Orc:2    | Noticed a two-headed ogre
 13064 | Orc:2    | Noticed a two-headed ogre
 13081 | Orc:1    | Killed a two-headed ogre
 13093 | Orc:2    | Noticed a two-headed ogre
 13152 | D:10     | Killed a two-headed ogre
 13320 | Orc:1    | Killed a two-headed ogre
 13320 | Orc:1    | Reached skill level 10 in Shields
 13338 | Orc:2    | Noticed a two-headed ogre
 13384 | Orc:1    | Killed a two-headed ogre
 13572 | D:10     | Reached XP level 13. HP: 15/87 MP: 13/13
 14211 | Lair:1   | Entered Level 1 of the Lair of Beasts
 14280 | Lair:1   | HP: 2/90 [poisoned by a black mamba]
 14330 | Lair:1   | Learned a level 1 spell: Confusing Touch
 14332 | Lair:1   | Learned a level 1 spell: Apportation
 14336 | Lair:1   | Learned a level 3 spell: Regeneration
 14340 | Lair:1   | Learned a level 3 spell: Spectral Weapon
 14343 | Lair:1   | Learned a level 2 spell: Song of Slaying
 14465 | Lair:1   | Found a dark tunnel.
 14472 | Volcano  | Entered a volcano
 14586 | Volcano  | Found the +2 pair of boots of the Assassin {Detection Stab+
                  | Stlth++}
 14628 | Volcano  | HP: 1/90 [hell hog/fireball (25)]
 16136 | Lair:2   | Found a staircase to the Swamp.
 17063 | Orc:2    | Found Monunu's Distillery.
 17064 | Orc:2    | Found Yvamaw's Weapon Shop.
 17120 | Orc:1    | Reached skill level 1 in Short Blades
 17249 | Orc:2    | Noticed an ogre mage
 17255 | Orc:2    | Paralysed by an ogre mage for 4 turns
 17333 | Orc:2    | Killed an ogre mage
 17384 | Orc:2    | Found Odwets's Armour Emporium.
 17402 | Orc:2    | Reached XP level 14. HP: 98/98 MP: 14/14
 17608 | Orc:2    | Reached skill level 10 in Fighting
 17632 | Orc:2    | Found Cuptid's Gadget Boutique.
 17648 | Orc:2    | Found a staircase to the Elven Halls.
 18027 | Orc:1    | Learned a level 2 spell: Blink
 18235 | Elf:1    | Entered Level 1 of the Elven Halls
 18604 | Elf:1    | Reached skill level 5 in Short Blades
 18652 | Elf:1    | Found Rabar's Antique Armour Boutique.
 19033 | Elf:1    | Identified the +5 scimitar "Spiderbane" {protect, Fragile
                  | rPois Stlth+}
 19219 | Elf:1    | Paralysed by an orc sorcerer for 7 turns
 19676 | Orc:2    | Bought a +0 pair of boots of running for 504 gold pieces
 19676 | Orc:2    | Bought a +1 helmet of intelligence for 264 gold pieces
 19974 | Lair:3   | Noticed Rupert
 20001 | Lair:3   | Killed Rupert
 20597 | Lair:3   | Found a staircase to the Snake Pit.
 20930 | Lair:4   | Reached skill level 10 in Short Blades
 21357 | Lair:4   | Reached skill level 1 in Invocations
 21400 | Lair:4   | Reached skill level 1 in Evocations
 21788 | Lair:5   | Found a viscous altar of Jiyva.
 21788 | Lair:5   | Found a staircase to the Slime Pits.
 22583 | Lair:6   | Entered Level 6 of the Lair of Beasts
 22801 | Lair:6   | Reached XP level 15. HP: 103/103 MP: 16/16
 23100 | Lair:6   | Reached ****** piety under Dithmenos
 24510 | Lair:6   | Got a smoking mace
 25407 | Orc:2    | Bought 21 stones for 31 gold pieces
 25407 | Orc:2    | Bought 7 sling bullets for 52 gold pieces
 25407 | Orc:2    | Bought 17 stones for 25 gold pieces
 25407 | Orc:2    | Bought 16 stones for 24 gold pieces
 25407 | Orc:2    | Bought 15 sling bullets for 112 gold pieces
 25446 | Orc:2    | HP: 3/105 [soul eater/drain life[a deep elf mage] (15)]
 25452 | Orc:2    | HP: 4/105 [poisoned by a +1 glaive of venom]
 25457 | Orc:2    | HP: 5/105 [poisoned by a +1 glaive of venom]
 26669 | Elf:1    | HP: 5/106 [something/shard of ice (33)]
 26688 | Elf:1    | Reached XP level 16. HP: 31/112 MP: 19/19
 27121 | Elf:1    | Noticed Agnes
 27144 | Elf:1    | Killed Agnes
 27560 | D:12     | Noticed Nergalle
 27576 | D:12     | Killed Nergalle
 27839 | D:12     | Got a spiked chain mail
 27850 | D:12     | Identified the +1 chain mail of Vanity {rElec} (You found
                  | it on level 12 of the Dungeon)
 28224 | D:13     | Found a frozen archway.
 28236 | IceCv    | Entered an ice cave
 28410 | IceCv    | Found the cursed +13 scythe of Curses {drain, *Curse}
 28512 | D:13     | Identified a scroll of acquirement {!r}
 28544 | D:13     | Noticed Sonja
 28657 | D:13     | Noticed Josephine
 28668 | D:13     | Killed Josephine
 28775 | D:13     | Killed Sonja
 29000 | D:13     | Found a gate to the Vaults.
 29652 | D:14     | Found Qoykkis's Assorted Antiques.
 29676 | D:14     | Found an opulent altar of Gozag.
 29709 | D:14     | Found a labyrinth entrance.
 29726 | Lab      | Entered a labyrinth
 29931 | D:14     | Bought a scroll of blinking for 262 gold pieces
 29931 | D:14     | Bought a potion of haste for 350 gold pieces
 30264 | D:14     | Identified the +2 morningstar of Xolel {freeze, rN+ Dex+4
                  | Stlth+}
 30350 | D:14     | Identified Upiov's Collected Works on the Burning Glacier
 30413 | D:14     | Reached skill level 5 in Stealth
 30705 | D:15     | Entered Level 15 of the Dungeon
 30728 | D:15     | Reached XP level 17. HP: 119/119 MP: 20/20
 31553 | D:15     | Identified the +8 mace of Victory {drain, rPois MR- Str+5
                  | SInv}
 31754 | D:15     | Found a staircase to the Depths.
 32141 | Snake:1  | Entered Level 1 of the Snake Pit
 32206 | Snake:1  | Identified Roxanne's Tome of Changing
 32206 | Snake:1  | Noticed Roxanne
 32266 | Snake:1  | Killed Roxanne
 32401 | Snake:1  | Found a snail-covered altar of Cheibriados.
 32547 | Snake:1  | Noticed Louise
 32570 | Snake:1  | Killed Louise
 33006 | Snake:1  | Found an iron altar of Okawaru.
 33310 | Snake:2  | Reached XP level 18. HP: 38/127 MP: 21/21
 35296 | Snake:4  | Entered Level 4 of the Snake Pit
 35648 | Snake:4  | Reached skill level 15 in Armour
 35648 | Snake:4  | Reached skill level 15 in Dodging
 36071 | Snake:4  | Reached skill level 15 in Shields
 36671 | Snake:4  | Reached skill level 10 in Stealth
 36682 | Snake:4  | Reached XP level 19. HP: 124/134 MP: 22/22
 37051 | Snake:4  | Got a serpentine rune of Zot
 37294 | Swamp:1  | Entered Level 1 of the Swamp
 40486 | Swamp:4  | Entered Level 4 of the Swamp
 41006 | Swamp:4  | Reached skill level 5 in Invocations
 41165 | Swamp:4  | Noticed the 27-headed Lernaean hydra
 41174 | Swamp:4  | Killed the 27-headed Lernaean hydra
 41213 | Swamp:4  | Reached XP level 20. HP: 92/143 MP: 24/24
 41306 | Swamp:4  | Got a decaying rune of Zot
 41368 | Swamp:4  | Got a faintly glowing iron ring
 41540 | Swamp:4  | Identified the ring "Cefrofin" {rPois rC+ MR++ Str+4} (You
                  | found it on level 4 of the Swamp)
 41918 | Slime:1  | Entered Level 1 of the Pits of Slime
 45752 | Slime:5  | Identified a paperback manual
 45752 | Slime:5  | Entered Level 5 of the Pits of Slime
 45943 | Slime:5  | Reached XP level 21. HP: 131/149 MP: 27/27
 46078 | Slime:5  | Noticed the Royal Jelly
 46784 | Slime:5  | Found a viscous altar of Jiyva.
 46797 | Slime:5  | Killed the Royal Jelly
 46938 | Slime:5  | Got a steaming triple crossbow
 46954 | Slime:5  | Got a slimy rune of Zot
 46996 | Slime:5  | Got a polished arbalest
 47000 | Slime:5  | Got a steaming hunting sling
 47001 | Slime:5  | Identified the +9 hunting sling of Blood-Lust {flame,
                  | *Corrode +Inv Str+7} (You found it on level 5 of the Pits
                  | of Slime)
 47055 | Slime:5  | Identified the Grimoire of Feathery Dark Arts
 47102 | Slime:5  | Got an iridescent long sword
 47743 | Depths:1 | Entered Level 1 of the Depths
 47967 | D:15     | Reached skill level 1 in Translocations
 48074 | D:15     | Reached skill level 1 in Charms
 48179 | D:15     | Reached skill level 1 in Spellcasting
 48179 | D:15     | Reached skill level 1 in Hexes
 48179 | D:15     | Reached skill level 1 in Necromancy
 49018 | Depths:1 | Found a sparkling altar of Nemelex Xobeh.
 49034 | Depths:1 | Identified the +11 falchion "Bunurodu" {slice, rElec MR+
                  | Int+5}
 49304 | Depths:1 | Found a gateway to Hell.
 49450 | Depths:1 | Reached skill level 5 in Translocations
 49579 | Depths:1 | Reached XP level 22. HP: 124/156 MP: 28/28
 49961 | Depths:2 | Got a crude chain mail
 49974 | Depths:2 | Identified the +5 chain mail of the Ancient Beds {-Tele
                  | rElec rF- rN+++} (You found it on level 2 of the Depths)
 50175 | Depths:2 | Reached skill level 5 in Charms
 50750 | Depths:3 | Slain by a yaktaur captain

Vault maps used:
D:1:      shiori_arrival_oz, minmay_strange_pillars, minmay_tree_intersection
D:2:      kennysheep_the_goblin_king
D:3:      lemuel_coloured_pillars_altar, fiery_altar_vehumet
D:4:      minmay_temple_entry_junction, first_ration, gammafunk_ghost_mausoleum
D:5:      wad_floor_pattern_1, hex_large, trog_book
D:7:      old_standard_altar
D:8:      nicolae_overflow_hidden_temple, uniq_psyche
D:9:      minmay_bloctagon_deflated
D:10:     minmay_lair_entry_grove, orc_0_dummy, grunt_tengu_nest
D:12:     serial_column_ruins, column_ruins_open_large, column_ruins_grid_3,
          column_ruins_open_tiny, uniq_nergalle
D:13:     kennysheep_blocky_hall, david_vaults_1,
          portal_ice_cave_entry_pillars_1, uniq_sonja, uniq_josephine
D:14:     evilmike_diamond_1, nicolae_gozag_cash_rules_everything_around_me,
          serial_shops, shop, lab_entry_generic
D:15:     hangedman_depths_entry_civil_slaughter, minmay_hollow_rounded_squares
Temple:   eino_narrow_crystal_temple
Lair:1:   nicolae_volcano_entry_two_sided, infiniplex_staircase_pool_2
Lair:2:   minmay_swamp_entry_eels, minmay_lindwurm_lava
Lair:3:   minmay_snake_entry_guardpost_large, uniq_rupert
Lair:5:   slime_altar_1
Lair:6:   hangedman_lair_caniforms_friends, guppyfry_lair_end_dragon,
          lemuel_old_faithful
Swamp:1:  evilmike_swamp_ruin_house_2
Swamp:2:  nicolae_swamp_feature_on_the_river_bank, swamp_pool4
Swamp:3:  serial_swamp_ruin, hangedman_swamp_ruin_wall,
          evilmike_swamp_ruin_rubble_1, evilmike_swamp_ruin_house_5
Swamp:4:  swamp_basic_johnstein
Snake:1:  grunt_ministairs_4, hangedman_feature_mirror, uniq_louise,
          uniq_roxanne
Snake:3:  spider_trap, grunt_ministairs_15, nicolae_snake_squiggles
Snake:4:  snake_pit
Slime:3:  cheibrodos_slime_lost_civilization_3
Slime:4:  cheibrodos_slime_lost_civilization_9
Orc:2:    st_orc_open
Elf:1:    minmay_the_grid_octo_triangle, serial_shops, nicolae_shop_crystal,
          kennysheep_underground_church, uniq_agnes
Depths:1: serial_bayou_pond_b, hell_entry, special_room, st_stairs_10,
          nemelex_diamond_rough_becter
Depths:2: hangedman_surveillance_ring, pf_coc_iceberg, minmay_holes
Depths:3: evilmike_negative_zone, rand_demon_pan_entry_8,
          pf_hell_entry_tar_spiral, serial_curves, eino_curves_01,
          eino_curves_01, basic_stair_grate_trap, minmay_staircase_bubble,
          minmay_shoptagon
Lab:      labyrinth_mini_lab
IceCv:    ice_cave_statue_garden_chambered
Volcano:  volcano_pools

Skill      XL: |  1  2  3  4  5  6  7  8  9 10 11 12 13 14 15 16 17 18 19 20 21 22 |
---------------+-------------------------------------------------------------------+-----
Slings         | 6 7 9 11 12 13 14 | 14.0
Fighting       | 2 3 4 6 7 9 10 11 12 13 14 | 14.9
Armour         | 3 6 7 9 10 11 12 13 14 15 16 17 | 17.2
Shields        | 3 5 10 11 12 13 14 15 16 17 | 17.2
Dodging        | 4 6 7 9 10 11 12 13 14 15 16 17 | 17.2
Short Blades   | 2 10 | 10.0
Invocations    | 2 4 5 8 9 |  9.0
Evocations     | 1 4 |  4.0
Stealth        | 5 8 10 | 10.0
Translocations | 5 6 |  6.0
Charms         | 3 6 |  6.0
Spellcasting   | 2 4 |  4.0
Hexes          | 2 4 |  4.4
Necromancy     | 2 4 |  4.3

Action                   |  1- 3 |  4- 6 |  7- 9 | 10-12 | 13-15 | 16-18 | 19-21 | 22-24 || total
-------------------------+-------+-------+-------+-------+-------+-------+-------+-------++-------
Melee: Short sword       |       |   111 |    28 |     3 |    87 |       |       |       ||   229
       Dagger            |       |       |       |       |  1510 |    19 |   318 |       ||  1847
       Fustibalus        |       |       |       |       |     1 |     2 |       |       ||     3
 Fire: Hunting sling     |   103 |    56 |   358 |  1416 |   936 |       |       |       ||  2869
       Fustibalus        |       |       |       |       |   244 |  2224 |  2302 |   486 ||  5256
 Cast: Blink             |       |       |       |       |       |       |     2 |     7 ||     9
Evoke: Wand              |       |       |     2 |       |    16 |     5 |    17 |       ||    40
       Phial of floods   |       |       |       |       |     3 |     1 |       |       ||     4
  Use: Potion            |     2 |       |     8 |       |    15 |     4 |     2 |       ||    31
       Scroll            |       |       |     9 |     8 |    21 |     6 |     7 |     3 ||    54
 Stab: Sleeping          |       |     1 |       |       |     2 |       |     6 |       ||     9
       Invisible         |       |       |       |       |     3 |       |       |       ||     3
       Distracted        |       |       |       |       |     1 |       |       |       ||     1
  Eat: Chunk             |     2 |     6 |     2 |    17 |    37 |    13 |    13 |     3 ||    93
       Ration            |       |       |     3 |       |     2 |     4 |     6 |       ||    15
Armor: Leather armour    |     2 |       |       |       |     4 |       |       |       ||     6
       Ring mail         |     8 |    30 |     9 |     7 |       |       |       |       ||    54
       Skin              |       |       |     6 |     1 |       |       |       |       ||     7
       Troll leather arm |       |       |       |    44 |    21 |       |       |       ||    65
       Plate armour      |       |       |       |       |   583 |    35 |       |       ||   618
       Chain mail        |       |       |       |       |       |   271 |   110 |   111 ||   492
       Swamp dragon scal |       |       |       |       |       |       |   120 |       ||   120
       Acid dragon scale |       |       |       |       |       |       |   146 |       ||   146
Dodge: Dodged            |    24 |    71 |    67 |   541 |  1084 |   545 |  1250 |   254 ||  3836
Block: Buckler           |     5 |    22 |    27 |   126 |       |       |       |       ||   180
       Shield            |       |       |       |   178 |  1336 |   723 |  1411 |   316 ||  3964

Table legend:
 A = Non-vault XP
 B = Vault XP
 C = Vault XP percentage of total XP
 D = Non-vault monster count
 E = Vault monster count
 F = Vault count percentage of total count
                 A         B        C        D         E       F
            +---------+---------+-------+---------+---------+-------
      Total |  353437 |  198570 |  36.0 |     996 |     389 |  28.1
            +---------+---------+-------+---------+---------+-------
        D:1 |      17 |       2 |  10.5 |      10 |       1 |   9.1
        D:2 |     260 |      13 |   4.8 |      30 |       7 |  18.9
        D:3 |     165 |       0 |   0.0 |      14 |       0 |   0.0
        D:4 |     331 |     421 |  56.0 |      18 |       6 |  25.0
        D:5 |     777 |       0 |   0.0 |      19 |       0 |   0.0
        D:6 |     639 |       0 |   0.0 |      13 |       0 |   0.0
        D:7 |     565 |       0 |   0.0 |      10 |       0 |   0.0
        D:8 |    1680 |     412 |  19.7 |      24 |       1 |   4.0
        D:9 |     858 |     879 |  50.6 |      15 |       4 |  21.1
       D:10 |    2619 |    5940 |  69.4 |      30 |      24 |  44.4
       D:11 |    4611 |       0 |   0.0 |      42 |       0 |   0.0
       D:12 |    6174 |     686 |  10.0 |      24 |       1 |   4.0
       D:13 |    3943 |    4328 |  52.3 |      18 |      14 |  43.8
       D:14 |    4268 |   10407 |  70.9 |      25 |      25 |  50.0
       D:15 |   41562 |   11877 |  22.2 |      82 |      20 |  19.6
     Lair:1 |    2897 |       0 |   0.0 |      15 |       0 |   0.0
     Lair:2 |    2025 |    2628 |  56.5 |      11 |       7 |  38.9
     Lair:3 |    1870 |    2728 |  59.3 |      11 |       6 |  35.3
     Lair:4 |    3860 |       0 |   0.0 |      16 |       0 |   0.0
     Lair:5 |    1254 |       0 |   0.0 |       6 |       0 |   0.0
     Lair:6 |   13217 |   13797 |  51.1 |      37 |      67 |  64.4
    Swamp:1 |   11788 |       0 |   0.0 |      34 |       0 |   0.0
    Swamp:2 |    9824 |       0 |   0.0 |      25 |       0 |   0.0
    Swamp:3 |   14798 |       0 |   0.0 |      30 |       0 |   0.0
    Swamp:4 |   11580 |   18532 |  61.5 |      26 |      23 |  46.9
    Snake:1 |   12569 |    5740 |  31.4 |      27 |       6 |  18.2
    Snake:2 |    9170 |       0 |   0.0 |      18 |       0 |   0.0
    Snake:3 |   19559 |     709 |   3.5 |      41 |       2 |   4.7
    Snake:4 |   11443 |   30274 |  72.6 |      18 |      44 |  71.0
    Slime:1 |   21824 |       0 |   0.0 |      45 |       0 |   0.0
    Slime:2 |   14468 |       0 |   0.0 |      19 |       0 |   0.0
    Slime:3 |   19413 |       0 |   0.0 |      40 |       0 |   0.0
    Slime:4 |   14419 |    4052 |  21.9 |      29 |       2 |   6.5
    Slime:5 |   11073 |   24408 |  68.8 |      24 |      10 |  29.4
      Orc:1 |    3309 |    8095 |  71.0 |      33 |      20 |  37.7
      Orc:2 |    4797 |    7801 |  61.9 |      24 |      15 |  38.5
      Elf:1 |    8767 |   15766 |  64.3 |      16 |      25 |  61.0
   Depths:1 |   29195 |   17430 |  37.4 |      42 |      24 |  36.4
   Depths:2 |   29751 |    4307 |  12.6 |      33 |      12 |  26.7
   Depths:3 |    2098 |       0 |   0.0 |       2 |       0 |   0.0
        Lab |       0 |    1239 | 100.0 |       0 |       1 | 100.0
      IceCv |       0 |    3002 | 100.0 |       0 |      11 | 100.0
    Volcano |       0 |    3097 | 100.0 |       0 |      11 | 100.0
            +---------+---------+-------+---------+---------+-------
